Description

Standard ZvZ build order

Build Order

Get SALT Encoding   

  12  0:01  Drone  
  13  0:10  Drone  
  14  0:15  Extractor  Cancel for extra drone
  14  0:17  Drone  After starting, cancel extractor
  15  0:40  Hatchery  
  14  0:45  Extractor  When complete pull 3 drones
  13  0:50  Drone  
  13  1:03  Spawning Pool  
  13  1:05  Drone  
  14  1:15  Overlord  
  14  1:26  Overlord  
  14  1:57  Metabolic Boost  Move out with ling speed finish and supply cap reached.
  14  1:58  Queen  
  16  1:59  Zergling x17  
  34  3:09  Queen  
  36  3:25  Overlord  Moveout now with all the zerglings you have
  39  4:00  Zergling x5  Replace any zerglings that die, and keep spaming them out
Spawning Tool Build Advisor. Get it on Overwolf

Go to:

Details

  • Created by: DiamondZac3
  • Published on: Jun 29, 2017
  • Modified on: Jun 29, 2017
  • Patch: 3.8.0
Show
View Real Time Build Order
Export as new Build Order

Comments (0)

There are no comments. Be the first!

Create an account to comment!